 Dungeon Crawl Stone Soup version 0.30-a0-4-ga7cffc901d (webtiles) character file.

Game seed: 17647548663337839604

45 Setbun the Sneak (level 3, -1/20 HPs)
             Began as a Kobold Enchanter on Aug 20, 2022.
             Slain by an adder (2 damage)
             ... on level 2 of the Dungeon.
             The game lasted 00:01:19 (1412 turns).

Setbun the Sneak (Kobold Enchanter)                 Turns: 1412, Time: 00:01:20

Health: -1/20      AC:  2    Str:  5    XL:     3   Next: 90%
Magic:  6/6        EV: 15    Int: 16    God:
Gold:   113        SH:  0    Dex: 17    Spells: 4/6 levels left

rFire   . . .      SeeInvis .    a - +1 dagger
rCold   . . .      Faith    .    (no shield)
rNeg    . . .      Spirit   .    b - +0 robe
rPois   .          Reflect  .    (no helmet)
rElec   .          Harm     .    (no cloak)
rCorr   .          Rampage  .    (no gloves)
Will    .....                    (no boots)
Stlth   ++++......               (no amulet)
HPRegen 0.06/turn                (no ring)
MPRegen 0.10/turn                (no ring)

@: lethally poisoned (-1 -> -3)
A: small, no large weapons, nightstalker 3
a: no special abilities


You were on level 2 of the Dungeon.
You visited 1 branch of the dungeon, and saw 2 of its levels.

You collected 113 gold pieces.

Inventory:

Hand Weapons
 a - a +1 dagger (weapon)
Armour
 b - a +0 robe (worn)
Scrolls
 d - a scroll of silence {unknown}
 f - a scroll of identify {unknown}
 g - a scroll of vulnerability {unknown}
 h - a scroll of butterflies {unknown}
 i - a scroll of magic mapping {unknown}
 j - a scroll of enchant armour {unknown}
Potions
 c - 2 potions of invisibility
 e - 2 potions of might {unknown}


   Skills:
 + Level 1.1 Fighting
 + Level 2.2 Short Blades
 + Level 3.0 Dodging
 * Level 4.9 Stealth
 + Level 2.3 Spellcasting
 + Level 3.1 Hexes


You had 4 spell levels left.
You knew the following spells:

 Your Spells              Type           Power      Damage    Failure   Level
a - Ensorcelled Hibernat  Hex/Ice        12%        N/A       16%         2

Your spell library contained the following spells:

 Spells                   Type           Power      Damage    Failure   Level
 Confusing Touch          Hex            11%        N/A       17%         3
 Tukima's Dance           Hex            11%        N/A       17%         3
 Static Discharge         Conj/Air       1%         3-4/arc   30%         2
 Dazzling Flash           Conj/Hex       12%        N/A       32%         3
 Lightning Bolt           Conj/Air       0%         1d11      99%         5
 Maxwell's Capacitive Co  Air            0%         ∞         100%        8


Dungeon Overview and Level Annotations

Branches:
Dungeon (2/15)

Altars:


Innate Abilities, Weirdness & Mutations

You are small and have problems with some larger weapons.
You are completely attuned to the shadows.


Message History

You now have 113 gold pieces (gained 18).
A goblin comes into view. It is wielding a +0 dagger of speed.
A goblin is nearby!
A goblin is nearby!
The goblin shouts!
You hit the goblin but do no damage.
You hear an angry hiss.
An adder comes into view.
The goblin hits you with a +0 dagger of speed.
You completely miss the goblin.
A ball python comes into view.
The goblin hits you with a +0 dagger of speed.
You barely miss the goblin.
The goblin hits you with a +0 dagger of speed.
The goblin closely misses you. The adder bites you but does no damage.
You completely miss the adder. The goblin hits you but does no damage.
The adder bites you.
You are poisoned.
The adder poisons you!
You hit the adder.
The adder is lightly wounded.
You feel sick. The goblin hits you but does no damage. The adder misses you.
The goblin hits you with a +0 dagger of speed.
You are too injured to fight recklessly!
You are too injured to fight recklessly!
You are too injured to fight recklessly!
You are too injured to fight recklessly!
You are too injured to fight recklessly!
You are too injured to fight recklessly!
There are monsters nearby!
The adder attacks as you move away! The adder closely misses you.
You feel sick. The adder attacks as you move away! The adder barely misses you.
You feel sick. The adder bites you.
You feel sick. The adder attacks as you move away! The adder bites you.
* * * LOW HITPOINT WARNING * * *
x2 You feel sick.
The adder attacks as you move away! The adder bites you.
You die...

#######.#.#####
###†#.##
#......#
#...#..#
#...#..#
#...#..#
#####..#
####..###
....@...#
####S...###
#g.....#
#.S..#.#
#....#.†#
#......#....
######
#.#.#..#..#.#
.....#
#.#....#.....
.....# # ### ##


You could see an adder, a goblin and a ball python.

Vanquished Creatures
  An adder (D:2)
  A dart slug (D:2)
  6 ball pythons
  2 endoplasms (D:1)
  A giant cockroach (D:1)
  6 goblins
  2 jackals (D:2)
  A quokka (D:2)
  3 bats (D:1)
  2 frilled lizards
  3 kobolds (D:1)
  3 rats
31 creatures vanquished.

Vanquished Creatures (others)
  6 plants (D:1)
6 creatures vanquished.

Grand Total: 37 creatures vanquished

Notes
Turn   | Place    | Note
-------+----------+-------------------------------------------
     0 | D:1      | Setbun the Kobold Enchanter began the quest for the Orb.
     0 | D:1      | Reached XP level 1. HP: 10/10 MP: 3/3
    93 | D:1      | Reached XP level 2. HP: 16/16 MP: 5/5
   428 | D:1      | Found a faded altar of an unknown god.
   734 | D:1      | Reached XP level 3. HP: 20/20 MP: 6/6
   867 | D:1      | Learned a level 2 spell: Ensorcelled Hibernation
   962 | D:2      | Reached skill level 1 in Fighting
  1411 | D:2      | HP: 1/20 [poisoned by an adder]
  1412 | D:2      | Slain by an adder

Illustrated notes

Levels and vault maps discovered:
D:1:      denvon_arrival_planthouse, layout_loops_ring, basic_ecumenical_altar
D:2:      layout_basic

Skill      XL: |  1  2  3 |
---------------+----------+-----
Short Blades   | 2 |  2.2
Fighting       | 1 |  1.1
Dodging        | 3 |  3.0
Stealth        | |  4.9
Spellcasting   | |  2.3
Hexes          | |  3.1

Action                   || total
-------------------------++-------
Melee: Dagger            ||    89
       Punch             ||     2
 Stab: Sleeping          ||    19
Armor: Robe              ||    10
Dodge: Dodged            ||    53

Table legend: (Time is in decaauts)
 A = Elapsed time spent in this place.
 B = Non-inter-level travel time spent in this place.
 C = Inter-level travel time spent in this place.
 D = Time resting spent in this place.
 E = Time spent auto-exploring this place.
 F = Levels seen in this place.
 G = Mean time per level.
                   A        B        C        D        E       F      G
               +--------+--------+--------+--------+--------+-----+--------+
         Total |   1402 |   1369 |     33 |    165 |    993 |   2 |  701.0 |
       Dungeon |   1402 |   1369 |     33 |    165 |    993 |   2 |  701.0 |
               +--------+--------+--------+--------+--------+-----+--------+

Top non-repeatable levels by time:
     D:1: 905 daAuts
     D:2: 497 daAuts
